 Dungeon Crawl Stone Soup version 0.25.1-2-g60ff931df9 (webtiles) character file.

Game seed: 12891787119328191649

5518 Martska the Spear-Bearer (level 10, -2/94 HPs)
             Began as a Naga Fighter on Aug 10, 2020.
             Was an Elder of Cheibriados.
             Slain by a death yak (10 damage)
             ... while petrified by a basilisk
             ... on level 8 of the Dungeon.
             The game lasted 00:23:04 (15485 turns).

Martska the Spear-Bearer (Naga Fighter)            Turns: 15485, Time: 00:23:05

Health: -2/94      AC:  8    Str: 29    XL:     10   Next: 70%
Magic:  15/16      EV:  1    Int: 22    God:    Cheibriados [****..]
Gold:   398        SH:  0    Dex: 20    Spells: 17/17 levels left

rFire    + . .     SeeInvis +   C - +0 trident (venom)
rCold    + . .     Gourm    .   c - +0 kite shield
rNeg     + + +     Faith    .   g - +0 leather armour
rPois    ∞         Spirit   .   D - +2 hat
rElec    .         Reflect  .   (no cloak)
rCorr    .         Harm     .   f - +0 pair of gloves
MR       +....                  (no barding)
Stlth    ++........             (no amulet)
HPRegen  0.25/turn              e - ring of protection from fire
MPRegen  0.15/turn              u - ring of protection from cold

@: petrified, very slow
A: large, see invisible, deformed body, poison resistance, slowness 2, slow
metabolism 1, spit poison 1, AC +3
a: Spit Poison, Bend Time, Temporal Distortion, Slouch, Renounce Religion


You were on level 8 of the Dungeon.
You worshipped Cheibriados.
Cheibriados was greatly pleased with you.
You were not hungry.

You visited 2 branches of the dungeon, and saw 9 of its levels.
You also visited: Sewer.

You collected 534 gold pieces.
You spent 136 gold pieces at shops.

Inventory:

Hand Weapons
 a - a +0 trident
 o - a +3 mace of draining
 x - a +0 halberd
 C - a +0 trident of venom (weapon)
Armour
 b - a +0 scale mail
 c - a +0 kite shield (worn)
 f - a +0 pair of gloves (worn)
 g - a +0 leather armour (worn)
 D - a +2 hat (worn)
Jewellery
 e - a ring of protection from fire (left hand)
 u - a ring of protection from cold (right hand)
Wands
 p - a wand of flame (35)
 w - a wand of acid (4)
 A - a wand of iceblast (3)
Scrolls
 d - 4 scrolls of teleportation {unknown}
 h - a scroll of random uselessness {unknown}
 k - 12 scrolls of identify {unknown}
 m - a scroll of magic mapping {unknown}
 n - 7 scrolls of fear {unknown}
 r - 3 scrolls of blinking {unknown}
 t - 4 scrolls of remove curse
 y - 2 scrolls of immolation {unknown}
 F - a scroll of amnesia {unknown}
Potions
 i - 5 potions of flight {unknown}
 l - a potion of mutation {unknown}
 q - a potion of stabbing
 s - a potion of haste {unknown}
 v - 3 potions of heal wounds {unknown}
 z - 3 potions of curing
 B - a potion of magic {unknown}
 G - a potion of cancellation {unknown}
Comestibles
 j - 11 rations


   Skills:
 + Level 7.0 Fighting
 * Level 8.2 Polearms
 + Level 4.3 Armour
 + Level 4.3 Dodging
 + Level 5.1 Shields
 - Level 4.0 Spellcasting
 * Level 6.9 Invocations


You had 17 spell levels left.
You didn't know any spells.
Your spell library was empty.

Dungeon Overview and Level Annotations

Branches:
Dungeon (8/15)             Temple (1/1) D:4            Lair (0/6) D:8
  Sewer (visited)

Altars:
Ashenzari
Cheibriados
Dithmenos
Elyvilon
Gozag
Hepliaklqana
Kikubaaqudgha
Okawaru
Qazlal
Ru
Sif Muna
Trog
Uskayaw
Vehumet
Wu Jian
Xom
Yredelemnul
Zin
The Shining One

Shops:
D:6 }   D:7 *}(((


Innate Abilities, Weirdness & Mutations

You cannot wear boots.
Your serpentine skin is tough. (AC +3)
You have supernaturally acute eyesight. (SInv)
Armour fits poorly on your strangely shaped body.
Your system is resistant to poisons. (rPois)
You cover ground very slowly.
You have a slow metabolism.
You can spit poison.


Message History

The death yak gores you.
The hippogriff is no longer moving slowly.
The hippogriff bites you!
* * * LOW HITPOINT WARNING * * *
The hippogriff pecks you but does no damage.
The hippogriff completely misses you. The death yak gores you.
* * * LOW HITPOINT WARNING * * *
The hippogriff bites you but does no damage.
The hippogriff pecks you.
* * * LOW HITPOINT WARNING * * *
The hippogriff claws you!
* * * LOW HITPOINT WARNING * * *
The death yak gores you but does no damage.
The hippogriff bites you but does no damage.
The hippogriff pecks you.
* * * LOW HITPOINT WARNING * * *
The hippogriff claws you.
* * * LOW HITPOINT WARNING * * *
The death yak gores you!!
You die...

.................####............
................###..............
................# ###............
................ ###............
................###..............
...........<....#....#...........
.).................####..........
..................## ##.........
...........####.@## ##..)...(.
..........## #HY# #........
..........# #ll.# ##...(...
(......... #.....# #.....((
......... #.......# ##......
.(....... #..P....# #......
......... ......... #........
......... #.)........ ......#...
......... .....>............#...


You could see a death yak, a hippogriff and 2 basilisks.

Vanquished Creatures
  Gastronok (D:7)
  Joseph (D:8)
  Psyche (D:8)
  Prince Ribbit (D:6)
  A hornet (D:7)
  Sigmund (D:2)
  Menkaure (D:6)
  A water moccasin (D:5)
  An orc warrior (D:6)
  An ice beast (D:6)
  2 phantoms
  2 sky beasts
  4 centaurs
  A big kobold (Sewer)
  2 bullfrogs
  2 scorpions
  A water moccasin skeleton (D:4)
  5 crimson imps
  2 orc priests
  5 jellies
  2 centaur skeletons
  2 hounds
  A bullfrog skeleton (D:6)
  An iguana (D:5)
  Ijyb (D:3)
  Natasha (D:2)
  Terence (D:2)
  6 worker ants
  11 orc wizards
  2 hound skeletons (D:4)
  Robin (D:4)
  11 gnolls
  7 adders
  2 river rats (Sewer)
  4 shadow imps
  An ooze (D:2)
  An adder zombie (D:6)
  4 worms
  3 dart slugs
  11 leopard geckos
  32 orcs
  A ball python (D:5)
  7 giant cockroaches
  11 goblins
  8 hobgoblins
  6 jackals
  4 quokkas
  9 bats
  5 frilled lizards
  5 kobolds
  A leopard gecko skeleton (D:4)
  A leopard gecko zombie (D:8)
  3 quokka skeletons
  A quokka zombie (D:6)
  9 rats
212 creatures vanquished.

Notes
Turn   | Place    | Note
-------+----------+-------------------------------------------
     0 | D:1      | Martska the Naga Fighter began the quest for the Orb.
     0 | D:1      | Reached XP level 1. HP: 21/21 MP: 1/1
   387 | D:1      | Reached XP level 2. HP: 28/28 MP: 2/2
  1246 | D:1      | Reached XP level 3. HP: 34/34 MP: 3/3
  1579 | D:2      | Noticed Sigmund
  2387 | D:2      | Reached XP level 4. HP: 41/43 MP: 4/4
  2504 | D:2      | Noticed Terence
  2517 | D:2      | Reached skill level 3 in Polearms
  2519 | D:2      | Killed Terence
  2519 | D:2      | Reached skill level 1 in Dodging
  2779 | D:2      | Noticed Natasha
  2787 | D:2      | Killed Natasha
  2787 | D:2      | Reached XP level 5. HP: 34/50 MP: 5/5
  2905 | D:2      | Killed Sigmund
  2905 | D:2      | Reached skill level 4 in Polearms
  2905 | D:2      | Reached XP level 6. HP: 38/58 MP: 6/6
  3143 | D:3      | Found an iron altar of Okawaru.
  3851 | D:3      | Found a faded altar of an unknown god.
  4422 | D:4      | Noticed Ijyb
  4679 | D:3      | Killed Ijyb
  4953 | D:3      | Reached skill level 5 in Fighting
  4953 | D:3      | Reached XP level 7. HP: 47/67 MP: 7/7
  5737 | D:4      | Found a staircase to the Ecumenical Temple.
  5764 | Temple   | Entered the Ecumenical Temple
  6012 | Temple   | Became a worshipper of Cheibriados the Contemplative
  6388 | D:4      | Reached skill level 5 in Polearms
  6388 | D:4      | Reached skill level 1 in Invocations
  6827 | D:4      | Reached skill level 1 in Spellcasting
  6962 | D:4      | Found an ornate altar of the Wu Jian Council.
  7289 | D:4      | Noticed Robin
  7300 | D:4      | Killed Robin
  7300 | D:4      | Reached XP level 8. HP: 55/75 MP: 7/9
  7306 | D:4      | Reached * piety under Cheibriados
  7483 | D:5      | Entered Level 5 of the Dungeon
  8388 | D:5      | Reached ** piety under Cheibriados
  8750 | D:5      | Reached skill level 6 in Polearms
  9855 | D:5      | Found a shimmering blue altar of Sif Muna.
  9885 | D:6      | Found a shadowy altar of Dithmenos.
 10181 | D:6      | Reached XP level 9. HP: 63/82 MP: 12/12
 10268 | D:6      | Found a glowing drain.
 10307 | Sewer    | Entered a sewer
 10395 | Sewer    | Reached *** piety under Cheibriados
 10489 | Sewer    | Found a white marble altar of Elyvilon.
 10656 | D:6      | Found a radiant altar of Vehumet.
 10930 | D:6      | Found a glowing golden altar of the Shining One.
 10986 | D:6      | Found a glowing silver altar of Zin.
 10986 | D:6      | Found a white marble altar of Elyvilon.
 11200 | D:6      | Found a bloodstained altar of Trog.
 11234 | D:6      | Noticed Menkaure
 11245 | D:6      | Killed Menkaure
 11519 | D:6      | Found a hazy altar of Hepliaklqana.
 11816 | D:6      | Found Wefy's Gadget Shop.
 12147 | D:6      | Noticed Prince Ribbit
 12446 | D:6      | Killed Prince Ribbit
 12796 | D:7      | Found Iden's General Store.
 12852 | D:7      | Found Egupp's Antique Weapon Shop.
 12908 | D:7      | Reached skill level 5 in Invocations
 12939 | D:7      | Found Saubroed's Gadget Shoppe.
 13026 | D:7      | Reached skill level 7 in Polearms
 13288 | D:7      | Found Joshri's Antique Weapon Emporium.
 13294 | D:7      | Bought a runed trident for 136 gold pieces
 13311 | D:7      | Found Sirysul's Weapon Shop.
 13538 | D:7      | Reached **** piety under Cheibriados
 13711 | D:8      | Noticed a hornet
 13715 | D:8      | Noticed Gastronok
 13722 | D:7      | Killed a hornet
 14058 | D:8      | HP: 4/85 [Gastronok/the air (25)]
 14413 | D:7      | Killed Gastronok
 14413 | D:7      | Reached skill level 5 in Shields
 14413 | D:7      | Reached XP level 10. HP: 11/92 MP: 13/15
 14808 | D:8      | Noticed Psyche
 14878 | D:8      | Killed Psyche
 14878 | D:8      | Reached skill level 8 in Polearms
 15353 | D:8      | Noticed Joseph
 15370 | D:8      | Killed Joseph
 15468 | D:8      | Noticed a death yak
 15469 | D:8      | Found a staircase to the Lair.
 15485 | D:8      | Slain by a death yak

Illustrated notes

Levels and vault maps discovered:
D:1:      lemuel_arrival_river_ford, layout_loops_ring, nrook_mini_vaults,
          serial_park_tiny_pond
D:2:      layout_loops_ring, uniq_terence, uniq_sigmund, uniq_natasha
D:3:      layout_basic, overflow_temple_1_default,
          chequers_ecumenical_altar_simple
D:4:      layout_loops_ring, old_standard_altar, temple_hall, first_ration,
          uniq_ijyb, uniq_robin
D:5:      cheibrodos_iron_armory, layout_cave_pools, tgw_sif
D:6:      layout_basic, good_gods_temple_1, vehumet_altar_wand_db,
          lemuel_coloured_pillars_altar, lightli_temple_of_fire,
          lemuel_crystal_altar, portal_sewer_entry_f, serial_shops, shop,
          uniq_prince_ribbit1, uniq_menkaure
D:7:      layout_loops_ring, serial_shops, nicolae_shop_trees, shop,
          nicolae_shop_behind_doors, nicolae_shop_trees, shop
D:8:      minmay_spotlight, layout_layer_cave, david_lair_generic, uniq_joseph,
          uniq_psyche, uniq_gastronok
Temple:   nicolae_temple_figure_zero

Skill      XL: |  1  2  3  4  5  6  7  8  9 10 |
---------------+-------------------------------+-----
Polearms       | 3 4 5 6 7 8 |  8.2
Dodging        | 1 2 3 4 |  4.3
Fighting       | 4 5 6 7 |  7.0
Shields        | 3 4 5 |  5.1
Invocations    | 2 4 6 |  6.9
Spellcasting   | 1 2 3 4 |  4.0
Armour         | 3 4 |  4.3

Action                   |  1- 3 |  4- 6 |  7- 9 | 10-12 || total
-------------------------+-------+-------+-------+-------++-------
Melee: Trident           |   146 |   143 |   645 |    83 ||  1017
Invok: Bend Time         |       |       |     2 |     3 ||     5
 Abil: Spit Poison       |       |       |       |     1 ||     1
Evoke: Wand              |       |       |     6 |       ||     6
  Use: Potion            |       |     6 |     2 |       ||     8
       Scroll            |       |     1 |       |       ||     1
 Stab: Sleeping          |       |       |     1 |       ||     1
  Eat: Ration            |     1 |     2 |     2 |     1 ||     6
       Chunk             |     1 |     1 |     8 |       ||    10
Armor: Scale mail        |    46 |       |       |       ||    46
       Leather armour    |    34 |    39 |   168 |    32 ||   273
       Skin              |       |       |     3 |       ||     3
Dodge: Dodged            |    55 |    38 |   256 |    28 ||   377
Block: Kite shield       |    84 |    76 |   435 |    50 ||   645
